 Dungeon Crawl Stone Soup version 0.29.1-15-g9cfb28693d (webtiles) character file.

Game seed: 16236282082042638617

302 IndexError the Magician (level 6, -2/44 HPs)
             Began as a Gnoll Hedge Wizard on Mar 6, 2023.
             Slain by a scorpion (5 damage)
             ... on level 4 of the Dungeon.
             The game lasted 00:10:59 (5763 turns).

IndexError the Magician (Gnoll Hedge Wizard)        Turns: 5763, Time: 00:11:00

Health: -2/44      AC:  3    Str:  9    XL:     6   Next: 37%
Magic:  1/16       EV: 13    Int: 15    God:
Gold:   195        SH:  0    Dex: 12    Spells: 8/19 levels left

rFire   . . .      SeeInvis .   a - +0 dagger
rCold   + . .      Faith    .   (no shield)
rNeg    . . .      Spirit   .   b - +0 robe
rPois   .          Reflect  .   y - +0 helmet
rElec   .          Harm     .   (no cloak)
rCorr   .          Rampage  .   (no gloves)
Will    .....                   (no boots)
Stlth   +++.......              (no amulet)
HPRegen 0.14/turn               p - ring of protection from cold {rC+, !d}
MPRegen 0.15/turn               (no ring)

@: lethally poisoned (-2 -> -13)
A: fangs 1, strong nose, distributed training
a: no special abilities


You were on level 4 of the Dungeon.
You visited 1 branch of the dungeon, and saw 4 of its levels.

You collected 195 gold pieces.

Inventory:

Hand Weapons
 a - a +0 dagger (weapon)
Armour
 b - a +0 robe (worn)
 y - a +0 helmet (worn)
   (You took it off Robin on level 4 of the Dungeon)
Magical Staves
 o - a staff of death {rN+}
   (You found it on level 3 of the Dungeon)
Jewellery
 p - a ring of protection from cold (left hand) {rC+, !d}
   (You found it on level 3 of the Dungeon)
Wands
 x - a wand of mindburst (16)
   (You took it off Robin on level 4 of the Dungeon)
Scrolls
 e - 5 scrolls of identify {unknown}
 g - a scroll of fear {unknown}
 h - a scroll of teleportation {unknown}
 l - a scroll of noise {unknown}
 m - a scroll of blinking {unknown}
 q - a scroll of magic mapping {unknown}
 r - 2 scrolls of butterflies {unknown}
 s - a scroll of summoning {unknown}
 u - a scroll of enchant weapon {unknown}
 v - 3 scrolls of poison {unknown}
Potions
 d - a potion of magic
 f - 3 potions of brilliance {unknown}
 i - 2 potions of heal wounds {unknown}
 j - 2 potions of haste {unknown}
 k - 6 potions of curing {unknown}
 n - 2 potions of attraction {unknown}
 t - 2 potions of degeneration {unknown}
 w - 2 potions of invisibility {unknown}


   Skills:
 + Level 2.0 Fighting
 + Level 2.0 Short Blades
 + Level 2.0 Long Blades
 + Level 2.0 Axes
 + Level 2.0 Maces & Flails
 + Level 2.0 Polearms
 + Level 2.0 Staves
 + Level 2.0 Ranged Weapons
 + Level 2.0 Throwing
 + Level 2.0 Armour
 + Level 5.0 Dodging
 + Level 4.6 Stealth
 + Level 2.0 Shields
 + Level 2.0 Unarmed Combat
 + Level 7.4 Spellcasting
 + Level 2.6 Conjurations
 + Level 1.6 Hexes
 + Level 2.6 Summonings
 + Level 1.6 Necromancy
 + Level 2.6 Translocations
 + Level 1.6 Transmutations
 + Level 1.6 Fire Magic
 + Level 1.6 Ice Magic
 + Level 1.6 Air Magic
 + Level 1.6 Earth Magic
 + Level 1.6 Poison Magic
 + Level 2.2 Invocations
 + Level 2.0 Evocations


You had 8 spell levels left.
You knew the following spells:

 Your Spells              Type           Power      Damage    Failure   Level
a - Magic Dart            Conj           52%        1d5       4%          1
b - Blink                 Tloc           26%        N/A       6%          2
c - Call Imp              Summ           13%        N/A       6%          2
d - Conjure Flame         Conj/Fire      12%        6-21      16%         3
x - Mephitic Cloud        Conj/Pois/Air  11%        N/A       17%         3

Your spell library contained the following spells:

 Spells                   Type           Power      Damage    Failure   Level
 Slow                     Hex            40%        N/A       7%          1
 Ignite Poison            Fire/Tmut/Pois 10%        N/A       21%         3
 Sticky Flame             Conj/Fire      12%        2d4       45%         4
 Alistair's Intoxication  Tmut/Pois      6%         N/A       88%         5
 Borgnjor's Vile Clutch   Necr/Erth      5%         N/A       88%         5
 Eringya's Noxious Bog    Tmut/Pois      5%         N/A       100%        6


Dungeon Overview and Level Annotations

Branches:
Dungeon (4/15)
 Temple: D:4-7

Altars:
Hepliaklqana
Xom

Shops:
D:3 *=:[=


Innate Abilities, Weirdness & Mutations

You have very sharp teeth.
Your uncanny sense of smell can sniff out nearby items.
Your experience applies equally to all skills.


Message History

The scorpion misses you. The scorpion barely misses you.
Your crimson imp hits the scorpion but does no damage.
Aiming: Magic Dart (safe; 4% risk of failure)
Press: ? - help, Q - select action, (/) - cycle Shift-Dir - straight line, f/p - scorpion
Aim: a scorpion (heavily wounded, not watching you, ally target, 100% to hit)
The magic dart hits the scorpion.
The scorpion barely misses you.
Your crimson imp barely misses the scorpion.
You now have 6/16 mp.
Aiming: Magic Dart (safe; 4% risk of failure)
Press: ? - help, Q - select action, (/) - cycle Shift-Dir - straight line, f/p - scorpion
Aim: a scorpion (heavily wounded, ally target, 100% to hit)
The magic dart hits the scorpion but does no damage.
The scorpion stings you.
Your crimson imp hits the scorpion.
You take 5 damage, and have 39/44 hp.
You now have 5/16 mp.
Aiming: Magic Dart (safe; 4% risk of failure)
Press: ? - help, Q - select action, (/) - cycle Shift-Dir - straight line, f/p - scorpion
Aim: a scorpion (severely wounded, ally target, 100% to hit)
The magic dart hits the scorpion but does no damage.
The scorpion stings you.
Your crimson imp closely misses the scorpion.
You take 2 damage, and have 37/44 hp.
You now have 4/16 mp.
Aiming: Magic Dart (safe; 4% risk of failure)
Press: ? - help, Q - select action, (/) - cycle Shift-Dir - straight line, f/p - scorpion
Aim: a scorpion (severely wounded, ally target, 100% to hit)
The magic dart hits the scorpion but does no damage.
The scorpion stings you.
You are poisoned.
The scorpion poisons you!
Your crimson imp hits the scorpion but does no damage.
You now have 3/16 mp.
Casting: Magic Dart (safe; 4% risk of failure)
Confirm with . or Enter, or press ? or * to list all spells.
A beastly little devil appears in a puff of flame.
Your crimson imp says, "I'm here!"
You feel very sick.
Your crimson imp disappears in a puff of smoke!
The scorpion completely misses your crimson imp.
You take 3 damage, and have 34/44 hp.
You now have 1/16 mp.
You hit the scorpion.
You feel sick. The scorpion barely misses you.
You take 2 damage, and have 32/44 hp.
You hit the scorpion but do no damage. Your bite misses the scorpion.
You feel sick.
Your crimson imp blinks!
The scorpion stings you.
You take 2 damage, and have 30/44 hp.
You barely miss the scorpion.
You feel sick.
The scorpion stings you but does no damage.
You take 1 damage, and have 29/44 hp.
You closely miss the scorpion.
You bite the scorpion, but do no damage.
You feel sick.
Your crimson imp blinks!
The scorpion barely misses you.
You take 1 damage, and have 28/44 hp.
You closely miss the scorpion.
You bite the scorpion, but do no damage.
You feel sick. The scorpion closely misses you.
You take 1 damage, and have 27/44 hp.
Aiming: Magic Dart (safe; 4% risk of failure)
Press: ? - help, Q - select action, (/) - cycle Shift-Dir - straight line, f/p - scorpion
Aim: a scorpion (severely wounded, 100% to hit)
The magic dart hits the scorpion.
You feel sick. The scorpion stings you.
You take 5 damage, and have 22/44 hp.
You now have 1/16 mp.
Aiming: Magic Dart (safe; 4% risk of failure)
Press: ? - help, Q - select action, (/) - cycle Shift-Dir - straight line, f/p - scorpion
Aim: a scorpion (severely wounded, ally target, 100% to hit)
The magic dart hits the scorpion but does no damage.
You feel sick.
The scorpion stings you but does no damage.
You now have 0/16 mp.
The scorpion attacks as you move away! The scorpion closely misses you.
You feel sick.
You are no longer poisoned.
Your crimson imp blinks!
The scorpion stings you.
You are poisoned.
The scorpion poisons you!
You take 4 damage, and have 18/44 hp.
The scorpion attacks as you move away! The scorpion closely misses you.
You feel very sick.
Your crimson imp hits the scorpion but does no damage.
You take 3 damage, and have 15/44 hp.
You feel sick.
You take 1 damage, and have 14/44 hp.
You feel sick.
You take 2 damage, and have 12/44 hp.
The scorpion attacks as you move away! The scorpion stings you.
* * * LOW HITPOINT WARNING * * *
You are lethally poisoned!
The scorpion poisons you!
* * * LOW HITPOINT WARNING * * *
You feel very sick.
Your crimson imp blinks!
You take 5 damage, and have 7/44 hp.
* * * LOW HITPOINT WARNING * * *
You feel very sick. The scorpion stings you.
You die...

#..............# #.#
##..#######....#####..
#..######...).......#
#.......#.).......#..
##.####.#...#.###.##.
#.# #<#####.# #.###
#.# #.## #.# #.###
#.###...# #.# #....
#.s@..#.. ..# #####
#####...## #########
##..... ..^.... ####
####### # # # # #


You could see a scorpion.

Vanquished Creatures
  A phantom (D:4)
  A jelly (D:3)
  Robin (D:4)
  5 adders
  A white imp (D:4)
  3 worms
  2 dart slugs
  2 orcs (D:3)
  6 endoplasms
  6 giant cockroaches
  13 goblins
  11 hobgoblins
  2 quokkas
  4 ball pythons
  4 bats (D:1)
  4 frilled lizards
  6 kobolds
  6 rats
78 creatures vanquished.

Vanquished Creatures (collateral kills)
  A crimson imp (D:4)
  An adder (D:2)
  A goblin (D:4)
3 creatures vanquished.

Vanquished Creatures (others)
  2 plants (D:2)
  4 withered plants (D:2)
6 creatures vanquished.

Grand Total: 87 creatures vanquished

Notes
Turn   | Place    | Note
-------+----------+-------------------------------------------
     0 | D:1      | IndexError the Gnoll Hedge Wizard began the quest for the
                  | Orb.
     0 | D:1      | Reached XP level 1. HP: 13/13 MP: 8/8
   137 | D:1      | Reached skill level 2 in Conjurations
   137 | D:1      | Reached skill level 2 in Summonings
   137 | D:1      | Reached skill level 2 in Translocations
   225 | D:1      | Reached XP level 2. HP: 19/19 MP: 7/10
   922 | D:1      | Reached XP level 3. HP: 25/25 MP: 9/11
  1212 | D:2      | Reached skill level 1 in Invocations
  1371 | D:1      | Learned a level 2 spell: Blink
  1374 | D:1      | Learned a level 2 spell: Call Imp
  1440 | D:2      | Reached skill level 1 in Fighting
  1440 | D:2      | Reached skill level 1 in Short Blades
  1440 | D:2      | Reached skill level 1 in Long Blades
  1440 | D:2      | Reached skill level 1 in Axes
  1440 | D:2      | Reached skill level 1 in Maces & Flails
  1440 | D:2      | Reached skill level 1 in Polearms
  1440 | D:2      | Reached skill level 1 in Staves
  1440 | D:2      | Reached skill level 1 in Ranged Weapons
  1440 | D:2      | Reached skill level 1 in Throwing
  1440 | D:2      | Reached skill level 1 in Armour
  1440 | D:2      | Reached skill level 1 in Shields
  1440 | D:2      | Reached skill level 1 in Unarmed Combat
  1440 | D:2      | Reached skill level 1 in Evocations
  1583 | D:2      | Reached XP level 4. HP: 32/32 MP: 2/13
  2065 | D:2      | Found a faded altar of an unknown god.
  2192 | D:2      | Reached skill level 1 in Hexes
  2192 | D:2      | Reached skill level 1 in Necromancy
  2192 | D:2      | Reached skill level 1 in Transmutations
  2192 | D:2      | Reached skill level 1 in Fire Magic
  2192 | D:2      | Reached skill level 1 in Ice Magic
  2192 | D:2      | Reached skill level 1 in Air Magic
  2192 | D:2      | Reached skill level 1 in Earth Magic
  2192 | D:2      | Reached skill level 1 in Poison Magic
  2499 | D:3      | Found Mecuuxok's Book Shop.
  2696 | D:3      | Found Vugapuos's General Store.
  2722 | D:3      | Reached XP level 5. HP: 37/37 MP: 9/14
  2967 | D:3      | Learned a level 3 spell: Conjure Flame
  2971 | D:3      | Learned a level 3 spell: Mephitic Cloud
  3197 | D:3      | Found Vynesuen's Jewellery Shoppe.
  3280 | D:3      | Found Feikowibb's Antique Armour Boutique.
  3645 | D:3      | Found Michalac's Jewellery Shoppe.
  4053 | D:4      | Noticed Robin
  4620 | D:4      | Found a hazy altar of Hepliaklqana.
  4621 | D:4      | Found a shimmering altar of Xom.
  4622 | D:4      | Noticed a spectral ugly thing
  4863 | D:4      | Killed Robin
  5082 | D:4      | Reached skill level 2 in Invocations
  5082 | D:4      | Reached XP level 6. HP: 43/44 MP: 3/16
  5545 | D:4      | Reached skill level 2 in Fighting
  5545 | D:4      | Reached skill level 2 in Short Blades
  5545 | D:4      | Reached skill level 2 in Long Blades
  5545 | D:4      | Reached skill level 2 in Axes
  5545 | D:4      | Reached skill level 2 in Maces & Flails
  5545 | D:4      | Reached skill level 2 in Polearms
  5545 | D:4      | Reached skill level 2 in Staves
  5545 | D:4      | Reached skill level 2 in Ranged Weapons
  5545 | D:4      | Reached skill level 2 in Throwing
  5545 | D:4      | Reached skill level 2 in Armour
  5545 | D:4      | Reached skill level 5 in Dodging
  5545 | D:4      | Reached skill level 2 in Shields
  5545 | D:4      | Reached skill level 2 in Unarmed Combat
  5545 | D:4      | Reached skill level 2 in Evocations
  5762 | D:4      | HP: 11/44 [scorpion (1)]
  5763 | D:4      | HP: 3/44 [poisoned by a scorpion]
  5763 | D:4      | Slain by a scorpion

Illustrated notes

Levels and vault maps discovered:
D:1:      lightli_iron_boxes, layout_loops_ring
D:2:      layout_basic, shapermc_ecumenical_altar_flowoftime
D:3:      wad_crossroads, layout_loops_ring, serial_shops, shop,
          nicolae_shop_trees, shop_statue,
          nicolae_shop_temple_entry_statues_fountains,
          nicolae_shop_advertising_works [nicolae_subvault_shop_adworks],
          minmay_misc_feat_four_crosses, dk_noncrumbling_2
D:4:      layout_loops_ring, regret_index_temple_of_mockery,
          minmay_fire_ice_demons, uniq_robin

Skill      XL: |  1  2  3  4  5  6 |
---------------+-------------------+-----
Conjurations   | 2 |  2.6
Summonings     | 2 |  2.6
Translocations | 2 |  2.6
Invocations    | 1 2 |  2.2
Fighting       | 1 2 |  2.0
Short Blades   | 1 2 |  2.0
Long Blades    | 1 2 |  2.0
Axes           | 1 2 |  2.0
Maces & Flails | 1 2 |  2.0
Polearms       | 1 2 |  2.0
Staves         | 1 2 |  2.0
Ranged Weapons | 1 2 |  2.0
Throwing       | 1 2 |  2.0
Armour         | 1 2 |  2.0
Shields        | 1 2 |  2.0
Unarmed Combat | 1 2 |  2.0
Evocations     | 1 2 |  2.0
Hexes          | 1 |  1.6
Necromancy     | 1 |  1.6
Transmutations | 1 |  1.6
Fire Magic     | 1 |  1.6
Ice Magic      | 1 |  1.6
Air Magic      | 1 |  1.6
Earth Magic    | 1 |  1.6
Poison Magic   | 1 |  1.6
Dodging        | 5 |  5.0
Stealth        | |  4.6
Spellcasting   | |  7.4

Action                   |  1- 3 |  4- 6 || total
-------------------------+-------+-------++-------
Melee: Dagger            |       |    50 ||    50
       Bite              |       |     9 ||     9
       Punch             |       |     1 ||     1
 Cast: Magic Dart        |    87 |   176 ||   263
       Call Imp          |     1 |    10 ||    11
 Stab: Sleeping          |       |     1 ||     1
Armor: Robe              |     6 |     8 ||    14
Dodge: Dodged            |     8 |    35 ||    43

Table legend: (Time is in decaauts)
 A = Elapsed time spent in this place.
 B = Non-inter-level travel time spent in this place.
 C = Inter-level travel time spent in this place.
 D = Time resting spent in this place.
 E = Time spent auto-exploring this place.
 F = Levels seen in this place.
 G = Mean time per level.
                   A        B        C        D        E       F      G
               +--------+--------+--------+--------+--------+-----+--------+
         Total |   5760 |   5461 |    299 |      0 |   4785 |   4 | 1440.0 |
       Dungeon |   5760 |   5461 |    299 |      0 |   4785 |   4 | 1440.0 |
               +--------+--------+--------+--------+--------+-----+--------+

Top non-repeatable levels by time:
     D:4: 1597 daAuts
     D:3: 1581 daAuts
     D:1: 1329 daAuts
     D:2: 1252 daAuts

Table legend:
 A = Kills in this place as a percentage of kills in entire the game.
 B = Kills by you in this place as a percentage of kills by you in the entire game.
 C = Kills by friends in this place as a percentage of kills by friends in the entire game.
 D = Other kills in this place as a percentage of other kills in the entire game.
 E = Experience gained in this place as a percentage of experience gained in the entire game.
 F = Experience gained in this place divided by the number of levels of this place that you have seen.
                   A       B       C       D       E      F
               +-------+-------+-------+-------+-------+----------------------
         Total | 100.0 | 100.0 | 100.0 |   N/A | 100.0 | 108.0
       Dungeon | 100.0 | 100.0 | 100.0 |   N/A | 100.0 | 108.0
               +-------+-------+-------+-------+-------+----------------------
